[ AOE2 MATCH · #495829882 ]
UnrankedMapuche vs Burgundians
Player's team · WIN
[ REPLAY ANALYSIS · EXTRACTED FROM THE RECORDED GAME ]
Feudal
8:50
Castle
23:30
Imperial
38:17
| APM avg | 113.8 |
| APM peak | 205 |
| eAPM avg | 68.4 |
| Villagers / military | 314 / 318 |
Focus
⚔️ 72.6% · 🌾 27.4%
Skirmisher ×134 · Kona ×101 · Bolas Rider ×69 · Unknown (2550) ×13 · Trebuchet (Packed) ×7 · Monk ×3
Feudal
9:34
Castle
24:10
Imperial
34:40
| APM avg | 87.3 |
| APM peak | 141 |
| eAPM avg | 55.2 |
| Villagers / military | 377 / 227 |
Focus
⚔️ 61.5% · 🌾 38.5%
Skirmisher ×102 · Hand Cannoneer ×38 · Archer ×32 · Flemish Militia ×28 · Scorpion ×8 · Monk ×7
Match map
Initial resources + every placement click. Lines = walls · curves = elevation contours. ◆ gold · ⬟ stone · ● berries · ✦ relic · ◌ wall gap
Your base· Open — opponent sealed themselves in
HaraKiri_aoe's base· ✓ Closed at 24:10 · 65t walls · 1 gate(s)
Smoothed initial terrain · ◌ = detected wall gap · hover for details
Inputs per minute
— alphaa - - HaraKiri_aoe
Build order — alphaa
First 150 of 856 actions detected
| 0:00 | Queue | Villager (Male) |
| 0:01 | Queue | Villager (Male) |
| 0:02 | Build | House |
| 0:02 | Build | House |
| 0:04 | Queue | Villager (Male) |
| 0:08 | Queue | Villager (Male) |
| 1:22 | Queue | Villager (Male) |
| 1:22 | Queue | Villager (Male) |
| 1:56 | Queue | Villager (Male) |
| 2:04 | Queue | Villager (Male) |
| 2:11 | Build | Settlement |
| 2:35 | Queue | Villager (Male) |
| 2:59 | Queue | Villager (Male) |
| 3:09 | Queue | Villager (Male) |
| 3:58 | Queue | Villager (Male) |
| 4:21 | Queue | Villager (Male) |
| 4:26 | Queue | Villager (Male) |
| 5:16 | Queue | Villager (Male) |
| 5:32 | Queue | Villager (Male) |
| 5:37 | Build | Barracks |
| 5:53 | Research | Loom |
| 5:53 | Research | Loom |
| 5:55 | Build | Palisade Wall |
| 6:34 | Research | Feudal Age |
| 6:41 | Build | House |
| 7:08 | Queue | Unit 2550 |
| 7:14 | Queue | Villager (Male) |
| 7:19 | Build | Settlement |
| 7:28 | Build | House |
| 7:53 | Queue | Unit 2550 |
| 7:55 | Queue | Villager (Male) |
| 8:39 | Queue | Villager (Male) |
| 8:47 | Build | Settlement |
| 8:47 | Queue | Villager (Male) |
| 8:50 | Age | Feudal Age |
| 8:54 | Research | Tech 1402 |
| 9:00 | Research | Double-Bit Axe |
| 9:00 | Research | Double-Bit Axe |
| 9:13 | Queue | Villager (Male) |
| 9:47 | Queue | Villager (Male) |
| 9:53 | Build | Farm |
| 9:53 | Queue | Villager (Male) |
| 9:54 | Build | Farm |
| 9:59 | Research | Horse Collar |
| 10:00 | Research | Horse Collar |
| 10:04 | Build | Palisade Wall |
| 10:05 | Build | Palisade Wall |
| 10:10 | Build | Palisade Wall |
| 10:16 | Build | Palisade Wall |
| 10:18 | Queue | Villager (Male) |
| 10:19 | Build | Farm |
| 10:22 | Build | Palisade Wall |
| 10:40 | Queue | Villager (Male) |
| 10:46 | Queue | Villager (Male) |
| 10:47 | Build | Farm |
| 10:50 | Queue | Unit 2550 |
| 11:05 | Build | Farm |
| 11:10 | Queue | Villager (Male) |
| 11:10 | Queue | Villager (Male) |
| 11:18 | Build | Farm |
| 11:36 | Queue | Spearman |
| 11:36 | Queue | Spearman |
| 11:42 | Queue | Villager (Male) |
| 11:52 | Queue | Unit 2550 |
| 11:57 | Build | Farm |
| 11:59 | Build | Farm |
| 12:05 | Queue | Unit 2550 |
| 12:10 | Queue | Villager (Male) |
| 12:18 | Build | Farm |
| 12:20 | Queue | Villager (Male) |
| 12:26 | Queue | Villager (Male) |
| 12:43 | Queue | Unit 2550 |
| 12:47 | Queue | Unit 2550 |
| 12:51 | Build | Farm |
| 13:08 | Queue | Villager (Male) |
| 13:10 | Build | Farm |
| 13:17 | Queue | Skirmisher |
| 13:17 | Queue | Skirmisher |
| 13:27 | Queue | Unit 2550 |
| 13:33 | Queue | Villager (Male) |
| 13:34 | Build | House |
| 13:47 | Queue | Unit 2550 |
| 13:52 | Queue | Villager (Male) |
| 13:54 | Build | Blacksmith |
| 14:01 | Queue | Skirmisher |
| 14:04 | Queue | Villager (Male) |
| 14:10 | Queue | Villager (Male) |
| 14:15 | Queue | Villager (Male) |
| 14:16 | Build | House |
| 14:27 | Queue | Unit 2550 |
| 14:28 | Queue | Villager (Male) |
| 14:33 | Queue | Skirmisher |
| 14:36 | Build | Palisade Wall |
| 14:41 | Queue | Skirmisher |
| 14:51 | Queue | Skirmisher |
| 14:56 | Research | Fletching |
| 14:56 | Queue | Villager (Male) |
| 14:57 | Queue | Skirmisher |
| 15:00 | Queue | Villager (Male) |
| 15:03 | Build | Farm |
| 15:04 | Queue | Villager (Male) |
| 15:10 | Queue | Unit 2550 |
| 15:17 | Queue | Villager (Male) |
| 15:20 | Build | Farm |
| 15:31 | Queue | Skirmisher |
| 15:34 | Queue | Villager (Male) |
| 15:36 | Queue | Villager (Male) |
| 15:37 | Build | Farm |
| 15:39 | Research | Wheelbarrow |
| 15:39 | Research | Wheelbarrow |
| 15:45 | Queue | Villager (Male) |
| 15:45 | Queue | Villager (Male) |
| 15:47 | Build | Farm |
| 15:53 | Queue | Skirmisher |
| 15:59 | Research | Arson |
| 15:59 | Research | Arson |
| 16:00 | Queue | Villager (Male) |
| 16:02 | Build | House |
| 16:14 | Queue | Villager (Male) |
| 16:15 | Queue | Skirmisher |
| 16:15 | Queue | Skirmisher |
| 16:19 | Build | Farm |
| 16:24 | Queue | Skirmisher |
| 16:29 | Queue | Skirmisher |
| 16:39 | Research | Scale Mail Armor |
| 16:49 | Queue | Skirmisher |
| 16:49 | Queue | Skirmisher |
| 16:54 | Queue | Skirmisher |
| 16:55 | Queue | Villager (Male) |
| 16:56 | Build | Farm |
| 17:06 | Queue | Skirmisher |
| 17:08 | Queue | Unit 2550 |
| 17:12 | Queue | Villager (Male) |
| 17:13 | Queue | Villager (Male) |
| 17:15 | Build | House |
| 17:16 | Build | House |
| 17:23 | Queue | Villager (Male) |
| 17:25 | Queue | Villager (Male) |
| 17:28 | Build | House |
| 17:29 | Queue | Villager (Male) |
| 17:32 | Queue | Unit 2550 |
| 17:40 | Queue | Villager (Male) |
| 17:40 | Queue | Villager (Male) |
| 17:42 | Queue | Skirmisher |
| 17:44 | Queue | Skirmisher |
| 17:47 | Build | Farm |
| 17:47 | Queue | Villager (Male) |
| 17:50 | Queue | Skirmisher |
| 17:55 | Queue | Skirmisher |
| 18:08 | Queue | Skirmisher |
Build order — HaraKiri_aoe
First 150 of 855 actions detected
| 0:02 | Queue | Villager (Male) |
| 0:02 | Queue | Villager (Male) |
| 0:02 | Queue | Villager (Male) |
| 0:04 | Build | House |
| 0:05 | Build | House |
| 0:05 | Queue | Villager (Male) |
| 1:24 | Queue | Villager (Male) |
| 1:40 | Build | Lumber Camp |
| 1:46 | Queue | Villager (Male) |
| 2:18 | Queue | Villager (Male) |
| 2:50 | Research | Double-Bit Axe |
| 2:57 | Queue | Villager (Male) |
| 2:57 | Queue | Villager (Male) |
| 3:27 | Queue | Villager (Male) |
| 3:27 | Queue | Villager (Male) |
| 3:54 | Queue | Villager (Male) |
| 3:54 | Queue | Villager (Male) |
| 4:01 | Build | House |
| 4:06 | Build | House |
| 4:07 | Build | House |
| 4:11 | Queue | Villager (Male) |
| 4:12 | Queue | Villager (Male) |
| 4:29 | Queue | Villager (Male) |
| 4:30 | Queue | Villager (Male) |
| 4:39 | Build | Palisade Wall |
| 4:43 | Build | House |
| 4:49 | Research | Loom |
| 5:00 | Queue | Villager (Male) |
| 5:00 | Queue | Villager (Male) |
| 5:02 | Queue | Villager (Male) |
| 5:25 | Queue | Villager (Male) |
| 5:25 | Queue | Villager (Male) |
| 5:37 | Build | Mill |
| 5:43 | Queue | Villager (Male) |
| 6:14 | Queue | Villager (Male) |
| 6:31 | Queue | Villager (Male) |
| 6:51 | Queue | Villager (Male) |
| 7:21 | Queue | Villager (Male) |
| 7:24 | Research | Feudal Age |
| 7:26 | Build | House |
| 7:52 | Queue | Villager (Male) |
| 8:13 | Build | Palisade Wall |
| 8:15 | Build | Palisade Wall |
| 8:31 | Build | Barracks |
| 8:35 | Build | Palisade Wall |
| 8:55 | Build | Mining Camp |
| 9:31 | Build | Palisade Wall |
| 9:34 | Age | Feudal Age |
| 9:34 | Build | Palisade Wall |
| 9:49 | Queue | Flemish Militia |
| 9:49 | Queue | Flemish Militia |
| 9:51 | Queue | Villager (Male) |
| 9:54 | Queue | Villager (Male) |
| 9:54 | Queue | Villager (Male) |
| 9:55 | Queue | Villager (Male) |
| 10:02 | Research | Bow Saw |
| 10:12 | Queue | Villager (Male) |
| 10:34 | Queue | Villager (Male) |
| 10:39 | Queue | Villager (Male) |
| 10:53 | Build | House |
| 10:54 | Build | House |
| 10:57 | Research | Town Watch |
| 11:02 | Build | House |
| 11:04 | Build | Palisade Wall |
| 11:06 | Build | Palisade Wall |
| 11:15 | Queue | Flemish Militia |
| 11:19 | Build | Farm |
| 11:24 | Build | Palisade Wall |
| 11:29 | Queue | Villager (Male) |
| 11:44 | Queue | Villager (Male) |
| 11:49 | Build | Farm |
| 11:52 | Queue | Villager (Male) |
| 11:59 | Queue | Villager (Male) |
| 12:03 | Queue | Villager (Male) |
| 12:13 | Build | Archery Range |
| 12:15 | Build | Farm |
| 12:15 | Build | Farm |
| 12:15 | Build | Farm |
| 12:16 | Build | Farm |
| 12:16 | Build | Farm |
| 12:19 | Build | House |
| 12:36 | Queue | Villager (Male) |
| 12:49 | Build | Farm |
| 12:53 | Build | Farm |
| 12:56 | Queue | Villager (Male) |
| 12:57 | Queue | Villager (Male) |
| 13:02 | Queue | Villager (Male) |
| 13:02 | Queue | Villager (Male) |
| 13:19 | Queue | Archer |
| 13:22 | Build | House |
| 13:25 | Build | Palisade Wall |
| 13:27 | Queue | Flemish Militia |
| 13:33 | Build | House |
| 13:36 | Build | Palisade Gate |
| 13:38 | Queue | Villager (Male) |
| 13:49 | Queue | Archer |
| 13:57 | Queue | Villager (Male) |
| 14:04 | Build | Palisade Wall |
| 14:07 | Build | Palisade Wall |
| 14:09 | Build | Palisade Wall |
| 14:12 | Queue | Villager (Male) |
| 14:13 | Queue | Villager (Male) |
| 14:18 | Queue | Archer |
| 14:20 | Queue | Villager (Male) |
| 14:24 | Queue | Villager (Male) |
| 14:24 | Queue | Villager (Male) |
| 14:30 | Build | Farm |
| 14:48 | Build | Palisade Wall |
| 14:49 | Build | Palisade Wall |
| 14:52 | Queue | Villager (Male) |
| 14:52 | Queue | Villager (Male) |
| 14:55 | Queue | Villager (Male) |
| 15:11 | Queue | Villager (Male) |
| 15:15 | Build | Blacksmith |
| 15:17 | Queue | Villager (Male) |
| 15:18 | Queue | Villager (Male) |
| 15:28 | Build | House |
| 15:32 | Queue | Villager (Male) |
| 15:32 | Build | Farm |
| 15:36 | Build | Farm |
| 15:41 | Queue | Villager (Male) |
| 15:48 | Build | Farm |
| 15:55 | Queue | Villager (Male) |
| 15:56 | Queue | Villager (Male) |
| 16:00 | Build | Farm |
| 16:05 | Queue | Villager (Male) |
| 16:09 | Build | House |
| 16:12 | Build | House |
| 16:20 | Queue | Villager (Male) |
| 16:26 | Queue | Villager (Male) |
| 16:26 | Queue | Villager (Male) |
| 16:27 | Build | Farm |
| 16:28 | Queue | Villager (Male) |
| 16:28 | Queue | Villager (Male) |
| 16:37 | Queue | Villager (Male) |
| 16:37 | Queue | Villager (Male) |
| 16:40 | Build | Farm |
| 16:41 | Queue | Villager (Male) |
| 16:41 | Queue | Villager (Male) |
| 16:50 | Queue | Villager (Male) |
| 16:51 | Research | Scale Mail Armor |
| 16:51 | Research | Fletching |
| 16:58 | Queue | Villager (Male) |
| 16:58 | Queue | Villager (Male) |
| 17:03 | Queue | Villager (Male) |
| 17:04 | Queue | Villager (Male) |
| 17:06 | Build | Farm |
| 17:14 | Queue | Archer |
| 17:15 | Queue | Archer |
| 17:29 | Queue | Villager (Male) |
Match timeline
| 4:39 | HaraKiri_aoe · wall_segment Palisade Wall x1 |
| 5:37 | alphaa · first_building Barracks |
| 5:55 | alphaa · wall_segment Palisade Wall x1 |
| 8:13 | HaraKiri_aoe · wall_segment Palisade Wall x1 |
| 8:15 | HaraKiri_aoe · wall_segment Palisade Wall x6 |
| 8:31 | HaraKiri_aoe · first_building Barracks |
| 8:35 | HaraKiri_aoe · wall_segment Palisade Wall x1 |
| 8:50 | alphaa · age_up feudal |
| 9:31 | HaraKiri_aoe · wall_segment Palisade Wall x1 |
| 9:34 | HaraKiri_aoe · age_up feudal |
| 9:34 | HaraKiri_aoe · wall_segment Palisade Wall x1 |
| 10:04 | alphaa · wall_segment Palisade Wall x1 |
| 10:05 | alphaa · wall_segment Palisade Wall x1 |
| 10:10 | alphaa · wall_segment Palisade Wall x1 |
| 10:16 | alphaa · wall_segment Palisade Wall x1 |
| 10:22 | alphaa · wall_segment Palisade Wall x2 |
| 11:04 | HaraKiri_aoe · wall_segment Palisade Wall x6 |
| 11:06 | HaraKiri_aoe · wall_segment Palisade Wall x7 |
| 11:24 | HaraKiri_aoe · wall_segment Palisade Wall x1 |
| 12:13 | HaraKiri_aoe · first_building Archery Range |
| 13:25 | HaraKiri_aoe · wall_segment Palisade Wall x11 |
| 14:04 | HaraKiri_aoe · wall_segment Palisade Wall x7 |
| 14:07 | HaraKiri_aoe · wall_segment Palisade Wall x12 |
| 14:09 | HaraKiri_aoe · wall_segment Palisade Wall x10 |
| 14:36 | alphaa · wall_segment Palisade Wall x1 |
| 14:48 | HaraKiri_aoe · wall_segment Palisade Wall x1 |
| 14:49 | HaraKiri_aoe · wall_segment Palisade Wall x1 |
| 20:18 | alphaa · wall_segment Palisade Wall x1 |
| 20:20 | alphaa · wall_segment Palisade Wall x1 |
| 20:49 | alphaa · first_market_sell 100 food |
| 21:20 | alphaa · first_building Archery Range |
| 21:21 | HaraKiri_aoe · first_market_buy 100 food |
| 23:30 | alphaa · age_up castle |
| 24:10 | HaraKiri_aoe · age_up castle |
| 25:55 | HaraKiri_aoe · first_building Siege Workshop |
| 29:52 | alphaa · first_building Siege Workshop |
| 31:17 | HaraKiri_aoe · first_market_sell 100 food |
| 31:32 | alphaa · first_market_buy 100 wood |
| 31:49 | alphaa · first_building Monastery |
| 33:05 | alphaa · first_building Castle |
| 34:04 | HaraKiri_aoe · first_building Castle |
| 34:20 | HaraKiri_aoe · first_building Monastery |
| 34:40 | HaraKiri_aoe · age_up imperial |
| 35:00 | HaraKiri_aoe · wall_segment Palisade Wall x2 |
| 38:17 | alphaa · age_up imperial |
| 46:50 | HaraKiri_aoe · wall_segment Stone Wall x15 |
| 53:41 | HaraKiri_aoe · first_building Stable |
| 54:16 | HaraKiri_aoe · resign |
[ AI ANALYSIS · 1 CREDIT ]
What really happened in this match?
Wolo.gg analyzes every decision: build order, eco, micro, common mistakes by bracket. Personalized analysis on WhatsApp or Discord in 30 seconds.
Civ guide
Mapuche
Perfil
Jugador #1215099